 Dungeon Crawl Stone Soup version 0.30-a0-414-gcb316572d5 (webtiles) character file.

Game seed: 17216215611781851470

5954 cforsyth the Cleaver (level 10, -4/96 HPs)
             Began as a Hill Orc Monk on Dec 8, 2022.
             Was a Priest of Beogh.
             Slain by a troll simulacrum (8 damage)
             ... in an ice cave.
             The game lasted 00:22:58 (10904 turns).

cforsyth the Cleaver (Hill Orc Monk)               Turns: 10904, Time: 00:22:58

Health: -4/96      AC: 20    Str: 19    XL:     10   Next: 84%
Magic:  13/13      EV:  7    Int: 14    God:    Beogh [***...]
Gold:   441        SH:  0    Dex: 13    Spells: 9/9 levels left

rFire   + . .      SeeInvis .    F - +8 morningstar of Darkness {elec, rElec Int+4}
rCold   . . .      Faith    .    (no shield)
rNeg    . . .      Spirit   .    k - +0 plate armour
rPois   .          Reflect  .    A - +2 hat {Will+}
rElec   +          Harm     .    t - +0 cloak
rCorr   +          Rampage  .    d - +0 pair of gloves
Will    +....                    N - +0 pair of boots
Stlth   ..........               G - amulet of the acrobat
HPRegen 0.36/turn                y - ring of resist corrosion
MPRegen 0.13/turn                T - ring of protection from fire

@: attractive
A: no striking features
a: Renounce Religion, Smiting


You were in an ice cave.
You worshipped Beogh.
Beogh was most pleased with you.
You visited 1 branch of the dungeon, and saw 11 of its levels.
You also visited: Ice Cave.

You collected 441 gold pieces.

Inventory:

Hand Weapons
 a - a +0 hand axe
 q - the +5 spear of Gex Weus {freeze, rC++ Int+3 Dex+3 Stlth+}
   (You found it on level 3 of the Dungeon)

   It freezes those it strikes, dealing additional cold damage.
   It can also slow down cold-blooded creatures.
   Int:       It affects your intelligence (+3).
   Dex:       It affects your dexterity (+3).
   rC:        It greatly protects you from cold.
   Stlth:     It makes you more stealthy.
 v - a +0 broad axe
 F - the +8 morningstar of Darkness (weapon) {elec, rElec Int+4}
   (You found it on level 7 of the Dungeon)

   It occasionally discharges a powerful burst of electricity upon striking a
   foe.
   Int:       It affects your intelligence (+4).
   rElec:     It insulates you from electricity.
Armour
 d - a +0 pair of gloves (worn)
 k - a +0 plate armour (worn)
 t - a +0 cloak (worn)
 A - a +2 hat of willpower (worn)
 N - a +0 pair of boots (worn)
Jewellery
 l - an amulet of magic regeneration
 x - a ring of wizardry
 y - a ring of resist corrosion (left hand)
 G - an amulet of the acrobat (around neck)
 K - a ring of ice
 Q - a +6 ring of intelligence
 R - a ring of magical power
 T - a ring of protection from fire (right hand)
Wands
 o - a wand of mindburst (12)
Scrolls
 e - 5 scrolls of blinking
 g - a scroll of silence
 i - 2 scrolls of butterflies
 j - a scroll of torment
 m - 3 scrolls of summoning
 n - 3 scrolls of fear
 r - 2 scrolls of immolation {unknown}
 u - 3 scrolls of enchant armour
 B - a scroll of enchant weapon {unknown}
 E - 3 scrolls of vulnerability {unknown}
 H - 3 scrolls of teleportation
Potions
 b - 2 potions of heal wounds {unknown}
 c - 2 potions of ambrosia
 f - 2 potions of berserk rage
 p - a potion of flight {unknown}
 s - 5 potions of curing
 w - a potion of invisibility {unknown}
 z - a potion of cancellation {unknown}
 C - 2 potions of attraction
 D - a potion of mutation {unknown}
 I - a potion of resistance {unknown}
 J - a potion of magic {unknown}
 L - a potion of brilliance {unknown}
 M - 2 potions of lignification {unknown}
 O - a potion of haste {unknown}
 S - a potion of might {unknown}


   Skills:
 + Level 11.4 Fighting
 + Level 12.4 Axes
 + Level 9.6 Armour
 - Level 2.4 Dodging
 - Level 1.5 Stealth
 + Level 4.3 Invocations


You had 9 spell levels left.
You didn't know any spells.
Your spell library contained the following spells:

 Spells                   Type           Power      Damage    Failure   Level
 Necrotise                Necr           0%         1d4       99%         1
 Sandblast                Erth           0%         2d4       99%         1
 Sublimation of Blood     Necr           0%         N/A       100%        2
 Gell's Gravitas          Tloc           0%         N/A       100%        3
 Lesser Beckoning         Tloc           0%         N/A       100%        3
 Portal Projectile        Hex/Tloc       0%         N/A       100%        3
 Stone Arrow              Conj/Erth      0%         3d7       100%        3
 Teleport Other           Tloc           0%         N/A       100%        3
 Tukima's Dance           Hex            0%         N/A       100%        3
 Vampiric Draining        Necr           0%         2d6       100%        3
 Animate Armour           Summ/Erth      0%         N/A       100%        4
 Passage of Golubria      Tloc           0%         N/A       100%        4
 Petrify                  Tmut/Erth      0%         N/A       100%        4
 Agony                    Necr           0%         N/A       100%        5
 Blade Hands              Tmut           0%         N/A       100%        5
 Irradiate                Conj/Tmut      0%         3d11      100%        5
 Lee's Rapid Deconstruct  Erth           0%         3d4*      100%        5
 Yara's Violent Unravell  Hex/Tmut       0%         3d3       100%        5
 Dispersal                Tloc           0%         N/A       100%        6
 Iron Shot                Conj/Erth      0%         9d1       100%        6
 Lehudib's Crystal Spear  Conj/Erth      0%         10d2      100%        8


Dungeon Overview and Level Annotations

Branches:
Dungeon (11/15)            Temple (0/1) D:4            Lair (0/5) D:11
    Orc (0/2) D:11          IceCv (1/1)

Altars:
Cheibriados
Fedhas
Makhleb
Qazlal
Sif Muna
Trog
Uskayaw
Vehumet
Zin

Shops:
D:5 *   D:6 *   D:8 *

Annotations:
D:10 Josephine


Message History

The troll simulacrum barely misses you.
The troll simulacrum claws you but does no damage.
Unknown command.
You hit the troll simulacrum.
The troll simulacrum is lightly damaged.
The troll simulacrum barely misses you.
The troll simulacrum claws you but does no damage.
The troll simulacrum claws you. The troll simulacrum freezes you!
* * * LOW HITPOINT WARNING * * *
The troll simulacrum barely misses you. x2
The troll simulacrum claws you but does no damage.
Unknown command.
Unknown command.
Unknown command.
You sock the troll simulacrum!
You punch the troll simulacrum, but do no damage.
The troll simulacrum is severely damaged.
Unknown command.
Unknown command.
Unknown command.
Unknown command.
You hit the troll simulacrum.
The troll simulacrum vaporises!
Beogh accepts your kill. The troll simulacrum bites you!
* * * LOW HITPOINT WARNING * * *
The troll simulacrum freezes you!
* * * LOW HITPOINT WARNING * * *
The troll simulacrum claws you but does no damage. x2
Unknown command.
Unknown command.
Unknown command.
It was a potion of attraction.
You feel attractive to monsters.
The troll simulacrum bites you but does no damage.
The troll simulacrum claws you but does no damage. x2
You feel better. The troll simulacrum bites you!
* * * LOW HITPOINT WARNING * * *
The troll simulacrum freezes you!
You die...

##. #. #.. Z. .... ≈##
..... ≈≈# ####
.....###≈≈ ######..##
...Z..#.. ##..##....##
........###..........#
.........#@......∩.∩.#
......##..Z.##.......#
..... ##..#####....##
.... #### ##..## .#.
#### #


You could see a troll simulacrum.

Vanquished Creatures
  2 rime drakes (D:11)
  A kobold demonologist (D:9)
  Prince Ribbit (D:9)
  Sigmund (D:3)
  2 wraiths (D:10)
  A shadow (D:9)
  2 wyverns
  Edmund (D:5)
  Menkaure (D:6)
  An acid dragon (D:8)
  A water moccasin (D:6)
  An orc warrior (D:5)
  2 black bears (D:4)
  An ice beast (D:7)
  3 ogres
  2 phantoms
  4 centaurs
  A kobold brigand (D:9)
  3 bullfrogs
  A gnoll sergeant (D:6)
  2 necrophages
  A two-headed ogre simulacrum (IceCv)
  2 scorpions
  13 wights
  4 killer bees (D:9)
  A howler monkey (D:7)
  A hound (D:4)
  2 jellies
  Crazy Yiuf (D:2)
  A gnoll bouda (D:6)
  4 orc wizards
  4 iguanas
  2 troll simulacra (IceCv)
  A spriggan simulacrum (IceCv)
  8 gnolls
  A naga simulacrum (IceCv)
  10 adders
  A shadow imp (D:5)
  2 white imps
  4 ufetubi
  A worm (D:3)
  2 dart slugs
  28 orcs
  6 endoplasms
  4 giant cockroaches
  7 hobgoblins
  5 jackals
  4 quokkas
  10 ball pythons
  2 bats (D:2)
  4 frilled lizards
  2 goblins
  11 kobolds
  6 rats
189 creatures vanquished.

Vanquished Creatures (collateral kills)
  Maggie (D:9)
  A killer bee (D:9)
2 creatures vanquished.

Vanquished Creatures (others)
  3 orcs (D:10)
  An orc priest (D:6)
  An orc wizard (D:6)
  A shadow imp (D:6)
  2 withered plants (D:1)
8 creatures vanquished.

Grand Total: 199 creatures vanquished

Notes
Turn   | Place    | Note
-------+----------+-------------------------------------------
     0 | D:1      | cforsyth the Hill Orc Monk began the quest for the Orb.
     0 | D:1      | Reached XP level 1. HP: 19/19 MP: 1/1
   269 | D:1      | Reached XP level 2. HP: 23/27 MP: 2/2
   446 | D:1      | Found a faded altar of an unknown god.
   635 | D:2      | Reached XP level 3. HP: 30/34 MP: 3/3
   793 | D:2      | Noticed an ogre
  1237 | D:2      | Got Sif Muna's Catalogue of Terra Firma
  1266 | D:2      | Reached skill level 5 in Axes
  1803 | D:3      | Reached skill level 1 in Armour
  1813 | D:3      | Reached XP level 4. HP: 27/41 MP: 4/4
  1901 | D:3      | Found a glowing silver altar of Zin.
  1919 | D:3      | Noticed Sigmund
  2205 | D:2      | Found a runed translucent door.
  2206 | D:2      | Noticed Crazy Yiuf
  2762 | D:3      | Reached skill level 5 in Fighting
  2848 | D:3      | Identified the +5 spear of Gex Weus {freeze, rC++ Int+3
                  | Dex+3 Stlth+}
  2895 | D:3      | Found a stormy altar of Qazlal.
  2977 | D:3      | Killed Sigmund
  2978 | D:3      | Reached skill level 6 in Axes
  2978 | D:3      | Reached XP level 5. HP: 38/50 MP: 5/5
  2978 | D:3      | Reached XP level 6. HP: 43/57 MP: 6/6
  4066 | D:2      | Killed Crazy Yiuf
  4273 | D:2      | Reached XP level 7. HP: 59/63 MP: 7/7
  4485 | D:4      | Reached skill level 7 in Axes
  4532 | D:4      | Found a staircase to the Ecumenical Temple.
  5261 | D:5      | Entered Level 5 of the Dungeon
  5318 | D:5      | Found Wips's Assorted Antiques.
  5369 | D:5      | Noticed Edmund
  5382 | D:5      | Killed Edmund
  5383 | D:5      | Reached skill level 8 in Axes
  5383 | D:5      | Reached skill level 5 in Armour
  5383 | D:5      | Reached XP level 8. HP: 44/73 MP: 8/8
  6139 | D:5      | Found a burning altar of Makhleb.
  6141 | D:5      | Noticed a balrug
  6287 | D:5      | Reached skill level 9 in Axes
  6563 | D:6      | Found Lokebed's General Store.
  6584 | D:6      | Found a blossoming altar of Fedhas.
  6841 | D:6      | Reached XP level 9. HP: 82/82 MP: 9/9
  6852 | D:6      | Became a worshipper of Beogh the Brigand
  6852 | D:6      | Reached * piety under Beogh
  6852 | D:6      | Reached ** piety under Beogh
  7085 | D:6      | Noticed a +0 dagger
  7085 | D:6      | Noticed a +0 dagger
  7086 | D:6      | Found a hide-covered altar of Uskayaw.
  7121 | D:6      | Identified the +4 whip "Obuy" {freeze, Fragile Will+ Str+4}
  7268 | D:6      | Found a bloodstained altar of Trog.
  7269 | D:6      | Found a radiant altar of Vehumet.
  7269 | D:6      | Found a snail-covered altar of Cheibriados.
  7309 | D:6      | Noticed Menkaure
  7318 | D:6      | Killed Menkaure
  7500 | D:6      | Found a shimmering blue altar of Sif Muna.
  7663 | D:7      | Identified the +8 morningstar of Darkness {elec, rElec
                  | Int+4}
  7678 | D:7      | Reached skill level 10 in Axes
  8404 | D:8      | Reached skill level 10 in Fighting
  8698 | D:8      | Reached skill level 11 in Axes
  8711 | D:8      | Reached XP level 10. HP: 61/93 MP: 10/10
  8840 | D:8      | Found Nisubbos's Assorted Antiques.
  9071 | D:9      | Noticed Prince Ribbit
  9089 | D:9      | Killed Prince Ribbit
  9172 | D:9      | Noticed a kobold demonologist
  9177 | D:9      | Noticed a rust devil
  9180 | D:9      | Killed a kobold demonologist
  9674 | D:9      | Reached skill level 1 in Invocations
  9782 | D:9      | Noticed Maggie
  9799 | D:9      | Killed Maggie
 10116 | D:9      | Reached *** piety under Beogh
 10124 | D:9      | Reached skill level 12 in Axes
 10334 | D:10     | Entered Level 10 of the Dungeon
 10423 | D:10     | Noticed Josephine
 10674 | D:10     | You fall into a shaft and drop 1 floor!
 10710 | D:11     | Found a frozen archway.
 10723 | IceCv    | Entered an ice cave
 10902 | IceCv    | HP: 2/96 [troll simulacrum (14)]
 10904 | IceCv    | Slain by a troll simulacrum

Illustrated notes

Levels and vault maps discovered:
D:1:      tarquinn_simple_flora_water_e, layout_rooms,
          ebering_ecumenical_altar_petrified
D:2:      layout_basic, uniq_crazy_yiuf_cottage
D:3:      layout_loops_ring, mainiacjoe_overflow_chevrons, grunt_qazlal_clouds,
          uniq_sigmund
D:4:      cheibrodos_helix_gallery, layout_basic,
          minmay_temple_entry_sparse_star
D:5:      layout_loops_cross, makhleb_altar_promises_db, serial_shops,
          nicolae_shop_behind_doors, uniq_edmund
D:6:      layout_loops_ring, dancing_weapons_uskayaw, led_sif_book,
          old_standard_altar, minitemple, serial_shops, nicolae_stop_n_shop_2,
          uniq_menkaure
D:7:      layout_cave_pools, grunt_decor_fettered, centaur_isle
D:8:      layout_basic, serial_shops, shop, amethyst_killhole
D:9:      layout_grid_maze, minivault_24, minivault_11,
          nicolae_concentric_dashed_squares_mild, uniq_maggie,
          uniq_prince_ribbit1
D:10:     layout_roguey, roderic_serpentine_path, uniq_joseph, uniq_sonja,
          uniq_harold, uniq_josephine
D:11:     layout_long_grid, lair_entry_dummy, minmay_orc_entry_temple_small,
          portal_ice_cave_rime, minmay_circle_x, uniq_amaemon
IceCv:    ice_cave_small_demon

Skill      XL: |  1  2  3  4  5  6  7  8  9 10 |
---------------+-------------------------------+-----
Fighting       | 4 5 6 7 8 10 11 | 11.4
Axes           | 5 6 8 9 11 12 | 12.4
Armour         | 1 3 5 6 8 9 |  9.6
Invocations    | 4 |  4.3
Dodging        | |  2.4
Stealth        | |  1.5

Action                   |  1- 3 |  4- 6 |  7- 9 | 10-12 || total
-------------------------+-------+-------+-------+-------++-------
Melee: Hand axe          |   110 |    63 |       |       ||   173
       Punch             |     2 |       |     5 |     5 ||    12
       Spear             |       |    34 |   318 |       ||   352
       Morningstar       |       |       |    86 |   109 ||   195
Invok: Convert to Beogh  |       |       |     1 |       ||     1
  Use: Scroll            |     1 |       |     6 |     6 ||    13
       Potion            |       |       |       |     2 ||     2
 Stab: Sleeping          |     1 |       |       |       ||     1
Armor: Robe              |    12 |       |       |       ||    12
       Plate armour      |    41 |    78 |   256 |   122 ||   497
       Skin              |       |     4 |       |       ||     4
Dodge: Dodged            |    51 |    26 |   127 |    76 ||   280

Table legend: (Time is in decaauts)
 A = Elapsed time spent in this place.
 B = Non-inter-level travel time spent in this place.
 C = Inter-level travel time spent in this place.
 D = Time resting spent in this place.
 E = Time spent auto-exploring this place.
 F = Levels seen in this place.
 G = Mean time per level.
                   A        B        C        D        E       F      G
               +--------+--------+--------+--------+--------+-----+--------+
         Total |  10945 |  10564 |    381 |    295 |   7686 |  12 |  912.1 |
       Dungeon |  10762 |  10381 |    381 |    292 |   7546 |  11 |  978.4 |
      Ice Cave |    182 |    182 |      0 |      3 |    140 |   1 |  182.0 |
               +--------+--------+--------+--------+--------+-----+--------+

Top non-repeatable levels by time:
     D:2: 1969 daAuts
     D:1: 1354 daAuts
     D:5: 1285 daAuts
     D:9: 1283 daAuts
     D:6: 1122 daAuts
     D:3: 1115 daAuts
     D:4: 831 daAuts
     D:7: 719 daAuts
     D:8: 669 daAuts
    D:10: 361 daAuts
   IceCv: 182 daAuts
    D:11: 50 daAuts
